 Dungeon Crawl Stone Soup version 0.22-b1-26-g9dbaab1 (webtiles) character file.

63 Goblin1989 the Cutter (level 3, 0/29 HPs)
             Began as a Demonspawn Chaos Knight on Aug 6, 2018.
             Slain by a gnoll
             ... wielding a +2 whip of distortion
              (21 damage)
             ... on level 2 of the Dungeon.
             The game lasted 00:04:08 (2205 turns).

Goblin1989 the Cutter (Demonspawn Chaos Knight)     Turns: 2205, Time: 00:04:09

Health: 0/29       AC:  5    Str: 12    XL:     3   Next: 89%
Magic:  3/3        EV: 11    Int: 13    God:    Xom [..*...]
Gold:   31         SH:  0    Dex: 13    Spells: 2/2 levels left

rFire    . . .     SeeInvis .   a - +0 short sword (chaos)
rCold    . . .     Gourm    .   (no shield)
rNeg     . . .     Faith    .   b - +2 leather armour
rPois    .         Spirit   .   (no helmet)
rElec    .         Reflect  .   (no cloak)
rCorr    .         Harm     .   (no gloves)
MR       .....                  (no boots)
Stlth    ++........             (no amulet)
HPRegen  0.09/turn              (no ring)
MPRegen  0.08/turn              (no ring)

@: no status effects
A: nightstalker 1, powered by pain 1
a: Renounce Religion


You were on level 2 of the Dungeon.
You worshipped Xom.
You were a toy of Xom.
You were not hungry.

You visited 1 branch of the dungeon, and saw 2 of its levels.
You visited the Abyss 1 time.

You collected 31 gold pieces.

Inventory:

Hand Weapons
 a - a +0 short sword of chaos (weapon)
Armour
 b - a +2 leather armour (worn)
Scrolls
 g - 2 scrolls of amnesia {unknown}
 h - 3 scrolls of identify {unknown}
 j - 4 scrolls of teleportation {unknown}
 k - a scroll of noise {unknown}
 o - a scroll of remove curse {unknown}
 p - a scroll of enchant weapon {unknown}
 q - a scroll of enchant armour {unknown}
Potions
 m - a potion of curing {unknown}
Miscellaneous
 r - a sack of spiders
Comestibles
 e - 6 rations
 n - 3 chunks of flesh


   Skills:
 - Level 3.0 Fighting
 + Level 4.4 Short Blades
 - Level 1.7 Armour
 - Level 0.8 Dodging


You had 2 spell levels left.
You didn't know any spells.
Your spell library was empty.

Dungeon Overview and Level Annotations

Branches:
Dungeon (2/15)

Altars:
Trog


Innate Abilities, Weirdness & Mutations

You are slightly more attuned to the shadows.
You sometimes gain a little power by taking damage.


Message History

The bat looks rather confused.
The gnoll looks rather confused. x3
The bat hits you but does no damage.
You hit the bat.
You kill the bat!
The gnoll seems less confused.
The gnoll barely misses you.
You hit the gnoll. You burn the gnoll.
The gnoll is lightly wounded.
The gnoll misses you. The gnoll barely misses you.
The gnoll closely misses you.
The gnoll seems less confused.
The gnoll hits you from afar with a halberd.
You take 4 damage, and have 25/29 hp.
The gnoll completely misses you.
You hit the gnoll.
You feel better.
The gnoll is heavily wounded.
The gnoll closely misses you.
Health restored: 29 You barely miss the gnoll.
The gnoll is heavily wounded.
The gnoll barely misses you.
You barely miss the gnoll.
The gnoll is heavily wounded.
You hit the gnoll. Lightning courses through the gnoll!
You kill the gnoll!
You feel your dexterity returning.
You barely miss the gnoll. The gnoll misses you.
You hit the gnoll. You burn the gnoll.
The gnoll is heavily wounded.
The gnoll hits you.
You take 2 damage, and have 27/29 hp.
You hit the gnoll. You burn the gnoll.
You kill the gnoll!
No target in view!
No target in view!
No target in view!
No target in view!
No target in view!
No target in view!
No target in view!
No target in view!
No target in view!
No target in view!
No target in view!
No target in view!
No target in view!
No target in view!
No target in view!
No target in view!
No target in view!
No target in view!
No target in view!
No target in view!
No target in view!
No target in view!
You see here a halberd.
Key pressed, stopping explore.
There is an escape hatch in the floor here.
Key pressed, stopping explore.
The gnoll is too close now for your liking.
Health restored: 29 A gnoll is nearby!
You hit the gnoll but do no damage. The gnoll barely misses you.
You hit the gnoll but do no damage. You hit the gnoll. You freeze the gnoll.
The gnoll is moderately wounded.
The gnoll hits you with a whip of distortion.
You blink.
You take 1 damage, and have 28/29 hp.
The gnoll misses you.
You hit the gnoll.
The gnoll is poisoned.
The gnoll is moderately wounded.
The gnoll hits you with a whip of distortion.
You are cast into the Abyss!
To return, you must find a gate leading back.
Killing monsters will force the Abyss to allow you passage.
This branch contains the abyssal rune of Zot.
Xom thinks this is hilarious!
Found a corrupted altar of Lugonu.
No target in view!
No target in view!
No target in view!
No target in view!
No target in view!
No target in view!
No target in view!
You take 3 damage, and have 25/29 hp.
Unknown command.
Unknown command.
You see here a sack of spiders.
r - a sack of spiders Health restored: 29
Found a gateway leading out of the Abyss.
There is a gateway leading out of the Abyss here.
You pass through the gate.
Welcome back to the Dungeon!
The gnoll hits you with a whip of distortion!
Space warps horribly around you!
Ouch! That really hurt!
You die...

█.█.█ █.█ █.█.█
█.██████████
█.█.█
█.........<█
█.█.█
█..........█
███.█.█
█..........█
....÷.█
██.........█
█...███
█.........██
██.██
█..........█ █
█.█
██>....@....█.██
█.█
█......g.......█
█.█
█...........█.
█.█
█.██.██.....█
█.█
█.███...█████
██.█ █.█ ██.██
██.█ █.█ █.█
...█ ███ █.█


████ █.█ You could see a gnoll.

Vanquished Creatures
  2 gnolls (D:2)
  A worm (D:2)
  A dart slug (D:1)
  A leopard gecko (D:1)
  An orc (D:2)
  3 giant cockroaches (D:1)
  4 goblins (D:2)
  5 hobgoblins
  A quokka (D:2)
  A ball python (D:2)
  5 bats
  4 frilled lizards
  4 kobolds (D:1)
  5 rats
38 creatures vanquished.

Notes
Turn   | Place    | Note
-------+----------+-------------------------------------------
     0 | D:1      | Goblin1989 the Demonspawn Chaos Knight began the quest for the Orb.
     0 | D:1      | Reached XP level 1. HP: 18/18 MP: 1/1
     0 | D:1      | p0werm0de: :P
    60 | D:1      | XOM: harmless Chrm miscast
   110 | D:1      | p0werm0de: not much later dawg
   160 | D:1      | Reached skill level 3 in Short Blades
   480 | D:1      | Gained mutation: You are slightly more attuned to the shadows. [demonic ancestry]
   480 | D:1      | Reached XP level 2. HP: 18/24 MP: 2/2
   614 | D:1      | XOM: fog
   882 | D:1      | XOM: summons 1 hostile demon
  1070 | D:1      | XOM: mild Fire miscast
  1341 | D:1      | XOM: silly message
  1463 | D:2      | Gained mutation: You sometimes gain a little power by taking damage. [demonic ancestry]
  1463 | D:2      | Reached XP level 3. HP: 22/29 MP: 3/3
  1556 | D:2      | XOM: harmless Air miscast
  1557 | D:2      | XOM: harmless Tmut miscast
  1582 | D:2      | Found a bloodstained altar of Trog.
  1646 | D:2      | Reached skill level 4 in Short Blades
  2074 | D:2      | XOM: confuse monster(s)
  2152 | D:2      | Cast into level 1 of the Abyss (gnoll)
  2152 | Abyss:1  | Found a corrupted altar of Lugonu.
  2205 | D:2      | Escaped the Abyss
  2205 | D:2      | Slain by a gnoll

Skill      XL: |  1  2  3 |
---------------+----------+-----
Short Blades   | 3 4 |  4.4
Fighting       | |  3.0
Armour         | |  1.7
Dodging        | |  0.8

Action                   || total
-------------------------++-------
Melee: Short sword       ||   170
 Stab: Sleeping          ||     5
       Paralysed         ||     1
  Eat: Chunk             ||     4
Armor: Leather armour    ||    74
Dodge: Dodged            ||   113

Vault maps used:
D:1:      minmay_arrival_cross, minivault_26, hangedman_decor_diamond_cutter
D:2:      lemuel_zombie_altar_yredelemnul, minmay_overflow_temple_star_quad,
          first_ration, trog_butcher_becter, uniq_robin
